 Dungeon Crawl Stone Soup version 0.28.0 (webtiles) character file.

Game seed: 8813794142175734789

3032 Kold the Geomancer (level 9, -4/45 HPs)
             Began as a Gargoyle Earth Elementalist on Feb 10, 2022.
             Was a Follower of Vehumet.
             Splashed by a brown ugly thing's acid (8 damage)
             ... on level 8 of the Dungeon.
             The game lasted 00:15:03 (10640 turns).

Kold the Geomancer (Gargoyle Earth Elementalist)   Turns: 10640, Time: 00:15:03

Health: -4/45      AC:  4    Str: 12    XL:     9   Next: 86%
Magic:  1/15       EV: 11    Int: 20    God:    Vehumet [*.....]
Gold:   445        SH:  0    Dex: 10    Spells: 13/17 levels left

rFire   . . .      SeeInvis +   q - staff of conjuration
rCold   . . .      Faith    .   (no shield)
rNeg    + + +      Spirit   .   w - +2 robe {rN+}
rPois   ∞          Reflect  .   (no helmet)
rElec   +          Harm     .   (no cloak)
rCorr   .          Rampage  .   (no gloves)
Will    .....                   y - +1 pair of boots
Stlth   ++........              (no amulet)
HPRegen 0.15/turn               m - ring of see invisible
MPRegen 0.14/turn               r - ring of positive energy

@: corroded
A: sickness immunity, AC +6, negative energy resistance 1, electricity
resistance, torment resistance 1, petrification resistance
a: Renounce Religion


You were on level 8 of the Dungeon.
You worshipped Vehumet.
Vehumet was aware of your devotion.
You visited 2 branches of the dungeon, and saw 10 of its levels.

You collected 445 gold pieces.

Inventory:

Hand Weapons
 k - a +3 whip of venom
Missiles
 s - 42 stones
 x - a throwing net
Armour
 b - a +0 robe
 w - a +2 robe of positive energy (worn)
 y - a +1 pair of boots (worn)
Magical Staves
 q - a staff of conjuration (weapon)
Jewellery
 m - a ring of see invisible (left hand)
 r - a ring of positive energy (right hand)
 t - a ring of positive energy
 v - a ring of magical power
Wands
 h - a wand of polymorph (11)
 z - a wand of iceblast (9)
Scrolls
 a - 3 scrolls of amnesia
 e - a scroll of blinking {unknown}
 f - a scroll of identify
 g - 2 scrolls of teleportation
 o - a scroll of vulnerability
 u - a scroll of fog
Potions
 c - a potion of brilliance
 d - 6 potions of curing
 i - a potion of might
 j - a potion of magic {unknown}
 l - 3 potions of attraction
 n - 2 potions of resistance {unknown}
 A - a potion of cancellation {unknown}


   Skills:
 + Level 6.3 Staves
 - Level 1.5 Dodging
 - Level 2.1 Stealth
 + Level 4.5 Spellcasting
 - Level 8.0 Conjurations
 - Level 0.7 Transmutations
 - Level 10.0 Earth Magic
 + Level 1.3 Evocations


You had 13 spell levels left.
You knew the following spells:

 Your Spells              Type           Power      Damage    Failure   Level
a - Sandblast             Erth           88%        2d18      1%          1
b - Stone Arrow           Conj/Erth      100%       3d13      1%          3

Your spell library contained the following spells:

 Spells                   Type           Power      Damage    Failure   Level
 Freeze                   Ice            16%        1d4       12%         1
 Passwall                 Tmut/Erth      20%        N/A       1%          2
 Wereblood                Tmut           7%         N/A       14%         2
 Petrify                  Tmut/Erth      25%        N/A       14%         4
 Confusing Touch          Hex            4%         N/A       36%         3
 Borgnjor's Vile Clutch   Necr/Erth      12%        N/A       41%         5
 Animate Dead             Necr           2%         N/A       77%         4
 Yara's Violent Unravell  Hex/Tmut       2%         3d3       96%         5
 Death Channel            Necr           2%         N/A       100%        6
 Enfeeble                 Hex            2%         N/A       100%        7
 Summon Hydra             Summ           2%         N/A       100%        7
 Sublimation of Blood     Necr           Unusable   N/A       N/A         2

Dungeon Overview and Level Annotations

Branches:
Dungeon (9/15)             Temple (1/1) D:6
   Lair: D:8-11         Orc: D:9-12

Altars:
Ashenzari
Cheibriados
Dithmenos
Elyvilon
Fedhas
Gozag
Hepliaklqana
Kikubaaqudgha
Makhleb
Nemelex Xobeh
Okawaru
Qazlal
Ru
Sif Muna
Trog
Uskayaw
Vehumet
Xom
Yredelemnul
Zin
The Shining One

Annotations:
D:4 3 runed translucent doors, DrunkBamboolord's ghost, amateur DENe
D:7 1 runed translucent door, night's ghost, novice DsGl


Innate Abilities, Weirdness & Mutations

You are immune to sickness and miasma.
Your stone body is resilient. (AC +6)
You are immune to poison.
You resist negative energy. (rN+)
You are resistant to electric shocks. (rElec)
You are resistant to unholy torment.
You are immune to petrification.


Message History

There is a stone staircase leading down here.
Aiming: Iceblast
Press: ? - help, Shift-Dir - straight line The mass of ice explodes!
The iceblast engulfs the brown ugly thing.
The brown ugly thing is moderately wounded.
The brown ugly thing gores you.
You are splashed with acid!
Casting: Stone Arrow (safe; 1% risk of failure)
Confirm with . or Enter, or press ? or * to list all spells.
Aiming: Stone Arrow (safe; 1% risk of failure)
Press: ? - help, Shift-Dir - straight line, f - brown ugly thing
Aim: a brown ugly thing (moderately wounded, 78% to hit)
You feel a surge of power!
The stone arrow hits the brown ugly thing!
The brown ugly thing is moderately wounded.
The brown ugly thing gores you but does no damage.
Casting: Stone Arrow (safe; 1% risk of failure)
Confirm with . or Enter, or press ? or * to list all spells.
Aiming: Stone Arrow (safe; 1% risk of failure)
Press: ? - help, Shift-Dir - straight line, f/p - brown ugly thing
Aim: a brown ugly thing (moderately wounded, 78% to hit)
You feel a surge of power!
The stone arrow hits the brown ugly thing!
The brown ugly thing is severely wounded.
The brown ugly thing barely misses you.
Casting: Stone Arrow (safe; 1% risk of failure)
Confirm with . or Enter, or press ? or * to list all spells.
Aiming: Sandblast (safe; 1% risk of failure)
Press: ? - help, Shift-Dir - straight line, f/p - brown ugly thing
Aim: a brown ugly thing (severely wounded, 83% to hit)
The blast of sand hits the brown ugly thing.
The brown ugly thing is severely wounded.
The brown ugly thing gores you!
* * * LOW HITPOINT WARNING * * *
You are splashed with acid!
* * * LOW HITPOINT WARNING * * *
It was a potion of curing.
You feel better. The brown ugly thing gores you!
* * * LOW HITPOINT WARNING * * *
The acid corrodes you!
You are splashed with acid!
You die...

#
#).<..⌠..........#.#.....#
#
#.#..≈≈≈.................#
#
#..............##..#.....#
#
#..###..#.#.#..##..#.....#
# #..#
##.#.#.#..##..###.#.#
###..####.#.#.#..##..#
#.#.#
..........#.#.#..##..#
#.#.#
##...#....#.#.#..##..#
#...#
#.#.#.####.#.#.@....###..##
#.#.#.# #.#.#..u........#
#.#.#.# #.......##.##...#
#.#.#.####.#.#.####.##..<#
##..............####.##..>#
...###.####.###.##...##.#.#
##.# #.##...###.#...###.#.#
#.# #.##.####.#..........#
#.# #.#...##.#...........#


You could see a brown ugly thing.

Vanquished Creatures
  A hornet (D:8)
  2 wyverns
  A water moccasin (D:8)
  2 ice beasts
  A sky beast (D:6)
  A necrophage (D:7)
  A hornet zombie (D:7)
  3 ogres
  2 black bears
  A phantom (D:6)
  A scorpion (D:6)
  A wyvern zombie (D:7)
  2 bullfrogs
  A water moccasin zombie (D:6)
  2 howler monkeys (D:6)
  A crimson imp (D:5)
  4 hounds
  A bullfrog zombie (D:6)
  2 centaur zombies (D:8)
  3 gnoll shamans
  4 orc priests
  2 centaur skeletons (D:7)
  6 iguanas
  5 orc wizards
  A howler monkey zombie (D:8)
  5 gnolls (D:7)
  6 adders
  A shadow imp (D:5)
  2 white imps
  2 ufetubi
  3 adder skeletons
  A worm (D:2)
  3 dart slugs
  30 orcs
  8 bats
  9 endoplasms
  6 giant cockroaches
  3 goblins
  11 hobgoblins
  4 quokkas
  9 ball pythons
  5 frilled lizards
  6 kobolds
  6 rats
171 creatures vanquished.

Vanquished Creatures (others)
  8 plants (D:7)
8 creatures vanquished.

Grand Total: 179 creatures vanquished

Notes
Turn   | Place    | Note
-------+----------+-------------------------------------------
     0 | D:1      | Kold the Gargoyle Earth Elementalist began the quest for
                  | the Orb.
     0 | D:1      | Reached XP level 1. HP: 10/10 MP: 3/3
   220 | D:1      | Reached skill level 4 in Earth Magic
   332 | D:1      | Reached XP level 2. HP: 15/15 MP: 1/5
   605 | D:1      | Found a faded altar of an unknown god.
   892 | D:1      | Reached XP level 3. HP: 19/19 MP: 4/6
   893 | D:1      | Reached skill level 5 in Earth Magic
  1246 | D:1      | Learned a level 3 spell: Stone Arrow
  2079 | D:2      | Reached skill level 1 in Conjurations
  2350 | D:3      | Reached XP level 4. HP: 21/24 MP: 2/7
  3481 | D:4      | Reached skill level 6 in Earth Magic
  3481 | D:4      | Reached XP level 5. HP: 17/28 MP: 3/8
  4083 | D:4      | Reached XP level 6. HP: 17/32 MP: 7/9
  4336 | D:4      | Reached skill level 7 in Earth Magic
  4526 | D:4      | Reached XP level 7. HP: 36/36 MP: 0/10
  4526 | D:4      | Noticed DrunkBamboolord's ghost (amateur DENe)
  4608 | D:4      | Found a runed translucent gate.
  4609 | D:4      | Found a runed translucent gate.
  4610 | D:4      | Found a runed translucent gate.
  4730 | D:5      | Entered Level 5 of the Dungeon
  4801 | D:5      | Reached skill level 5 in Conjurations
  5242 | D:5      | Found a burning altar of Makhleb.
  5256 | D:5      | Reached skill level 8 in Earth Magic
  5475 | D:6      | Reached skill level 1 in Staves
  5789 | D:6      | Found a staircase to the Ecumenical Temple.
  5802 | Temple   | Entered the Ecumenical Temple
  5856 | Temple   | Became a worshipper of Vehumet
  6025 | D:6      | Reached XP level 8. HP: 37/41 MP: 7/11
  6399 | D:6      | Reached skill level 9 in Earth Magic
  8027 | D:7      | Reached * piety under Vehumet
  8027 | D:7      | Offered knowledge of Freeze by Vehumet.
  8122 | D:7      | Reached XP level 9. HP: 31/45 MP: 8/12
  8246 | D:7      | Found a glowing golden altar of the Shining One.
  8246 | D:7      | Found a sparkling altar of Nemelex Xobeh.
  8249 | D:7      | Found a bloodstained altar of Trog.
  8249 | D:7      | Found a snail-covered altar of Cheibriados.
  8422 | D:7      | Reached skill level 10 in Earth Magic
  9020 | D:7      | Found a runed translucent door.
  9022 | D:7      | Noticed night's ghost (novice DsGl)
  9358 | D:7      | Reached skill level 5 in Staves
  9594 | D:8      | Found a shadowy altar of Dithmenos.
 10198 | D:8      | Noticed a hornet
 10202 | D:8      | Killed a hornet
 10203 | D:8      | Reached skill level 1 in Evocations
 10359 | D:8      | Found a shimmering blue altar of Sif Muna.
 10619 | D:9      | Noticed a red ugly thing
 10640 | D:8      | Splashed by a brown ugly thing's acid

Illustrated notes

Levels and vault maps discovered:
D:1:      dpeg_arrival_solitude, layout_basic,
          chequers_ecumenical_altar_simple_redux, minmay_pentomino_x4
D:2:      layout_loops_corners
D:3:      layout_rooms, serial_curves, eino_curves_03, eino_curves_01,
          kennysheep_minor_cross
D:4:      minmay_chambers_of_threes, layout_cave_pools,
          gammafunk_ghost_nasty_kobolds
D:5:      layout_rooms, makhleb_grotto_becter
D:6:      layout_layer_cave, minmay_temple_entry_sparse_star,
          minmay_large_rounded_square, minmay_bent
D:7:      layout_basic, chequers_temple_overflow_statue_of_worship,
          ebering_ghost_reflecting_pool, nicolae_zen_rock_garden
D:8:      layout_loops_ring, grunt_dithmenos_smoke_and_mirrors, led_sif_pool,
          corexii_leaking_fountain, hangedman_decor_slide_cut
D:9:      layout_rooms, nicolae_wu_jian_wuxing_cycle, lair_entry_dummy,
          uniq_erica
Temple:   jpeg_temple_clearing

Skill      XL: |  1  2  3  4  5  6  7  8  9 |
---------------+----------------------------+-----
Earth Magic    | 4 5 6 7 8 9 10 | 10.0
Conjurations   | 1 2 3 4 6 7 8 |  8.0
Staves         | 1 4 6 |  6.3
Spellcasting   | 4 |  4.5
Evocations     | 1 |  1.3
Dodging        | |  1.5
Stealth        | |  2.1
Transmutations | |  0.7

Action                   |  1- 3 |  4- 6 |  7- 9 || total
-------------------------+-------+-------+-------++-------
Melee: Unarmed           |    15 |       |       ||    15
       Staff             |     3 |       |   105 ||   108
       Club              |     3 |       |       ||     3
       Punch             |     1 |       |     2 ||     3
       Whip              |       |    73 |       ||    73
 Cast: Sandblast         |    53 |    47 |    75 ||   175
       Stone Arrow       |       |    11 |    66 ||    77
Evoke: Wand              |       |       |     1 ||     1
  Use: Scroll            |       |       |    12 ||    12
       Potion            |       |       |     1 ||     1
 Stab: Sleeping          |       |       |     1 ||     1
Armor: Robe              |    16 |    26 |    76 ||   118
Dodge: Dodged            |    35 |    52 |    91 ||   178
